 Dungeon Crawl Stone Soup version 0.30-a0-782-ge64f9170bb (webtiles) character file.

Game seed: 14123605822121313912

25 gifu the Trooper (level 3, 0/40 HPs)
             Began as an Ogre Berserker on Feb 28, 2023.
             Was a Follower of Trog.
             Slain by a quokka (2 damage)
             ... on level 2 of the Dungeon.
             The game lasted 00:05:44 (668 turns).

gifu the Trooper (Ogre Berserker)                    Turns: 668, Time: 00:05:45

Health: 0/40       AC:  3    Str: 21    XL:     3   Next: 4%
Magic:  3/3        EV: 10    Int:  8    God:    Trog [*.....]
Gold:   34         SH:  0    Dex: 10    Spells: 2/2 levels left

rFire   . . .      SeeInvis .    a - +0 spear
rCold   . . .      Faith    .    (no shield)
rNeg    . . .      Spirit   .    b - +0 animal skin
rPois   .          Reflect  .    (helmet restricted)
rElec   .          Harm     .    (no cloak)
rCorr   .          Rampage  .    (gloves unavailable)
Will    .....                    (boots unavailable)
Stlth   +                        (no amulet)
HPRegen 0.26/turn                (no ring)
MPRegen 0.08/turn                (no ring)

@: no status effects
A: large, unfitting armour, tough skin 1
a: Renounce Religion, Berserk


You were on level 2 of the Dungeon.
You worshipped Trog.
Trog was aware of your devotion.
You visited 1 branch of the dungeon, and saw 2 of its levels.

You collected 34 gold pieces.

Inventory:

Hand Weapons
 a - a +0 spear (weapon)
 d - a +0 falchion
 e - a +0 dagger
Missiles
 c - 3 stones (quivered)
Armour
 b - a +0 animal skin (worn)
Scrolls
 f - a scroll of vulnerability {unknown}


   Skills:
 + Level 4.5 Fighting
 + Level 3.4 Polearms
 + Level 3.0 Dodging


You had 2 spell levels left.
You didn't know any spells.
Your spell library was empty.

Dungeon Overview and Level Annotations

Branches:
Dungeon (2/15)

Altars:


Innate Abilities, Weirdness & Mutations

You are too large for most types of armour.
You have tough skin. (AC +1)


Message History

The goblin is severely wounded.
The goblin hits you with a +0 dagger.
You hit the goblin.
You kill the goblin!
Trog accepts your kill.
You hit the adder.
The adder is heavily wounded.
The adder bites you.
You are poisoned.
The adder poisons you! The adder bites you.
You are more poisoned.
The adder poisons you!
You hit the adder.
The adder is severely wounded.
You feel very sick. The adder closely misses you.
You closely miss the adder. Your punch misses the adder.
The adder is severely wounded.
You feel sick. The adder bites you but does no damage.
You hit the adder.
You kill the adder!
Trog accepts your kill.
You feel sick. The quokka closely misses you.
Your Dodging skill increases to level 3!
You have reached level 3!
Your experience leads to an increase in your attributes!
Increase (S)trength, (I)ntelligence, or (D)exterity?
You feel agile. x2; You feel stronger.
You miss the quokka.
You feel sick. The quokka bites you.
* * * LOW HITPOINT WARNING * * *
You hit the quokka but do no damage.
You feel sick. The quokka barely misses you.
You hit the quokka but do no damage.
You feel sick. The quokka bites you.
* * * LOW HITPOINT WARNING * * *
You closely miss the quokka.
You feel sick. The quokka closely misses you.
You barely miss the quokka.
You feel sick. The quokka barely misses you.
You closely miss the quokka.
You feel sick.
You are no longer poisoned.
The quokka closely misses you. The quokka bites you.
You die...

#. ####.....
##.##........
............
..........
.......#
.....# #
#...# #. #@#
#.###r#
#.....#
#.....#
#.....#
#.....#
###.....#
#......<#
#.#.....#


You could see a quokka.

Vanquished Creatures
  An adder (D:2)
  A dart slug (D:1)
  4 goblins
  2 hobgoblins (D:1)
  A quokka (D:1)
  2 bats (D:1)
  A frilled lizard (D:1)
  A kobold (D:1)
  A rat (D:1)
14 creatures vanquished.

Notes
Turn   | Place    | Note
-------+----------+-------------------------------------------
     0 | D:1      | gifu the Ogre Berserker began the quest for the Orb.
     0 | D:1      | Reached XP level 1. HP: 24/24 MP: 1/1
   491 | D:1      | Reached XP level 2. HP: 28/32 MP: 2/2
   663 | D:2      | Reached XP level 3. HP: 11/40 MP: 3/3
   668 | D:2      | HP: 2/40 [poisoned by an adder]
   668 | D:2      | Slain by a quokka

Illustrated notes

Levels and vault maps discovered:
D:1:      dpeg_arrival_stone_temple_mockup, layout_basic
D:2:      kb_forest_paths, layout_basic, serial_shops, shop_fountains,
          uniq_terence

Skill      XL: |  1  2 |
---------------+-------+-----
Dodging        | 3 |  3.0
Fighting       | |  4.5
Polearms       | |  3.4

Action                     || total
---------------------------++-------
  Melee: Spear             ||    52
         Punch             ||     1
  Throw: Stone             ||     1
    Use: Potion            ||     1
 Armour: Animal skin       ||     8
  Dodge: Dodged            ||    28

Table legend: (Time is in decaauts)
 A = Elapsed time spent in this place.
 B = Non-inter-level travel time spent in this place.
 C = Inter-level travel time spent in this place.
 D = Time resting spent in this place.
 E = Time spent auto-exploring this place.
 F = Levels seen in this place.
 G = Mean time per level.
                   A        B        C        D        E       F      G
               +--------+--------+--------+--------+--------+-----+--------+
         Total |    665 |    526 |    139 |      0 |    115 |   2 |  332.5 |
       Dungeon |    665 |    526 |    139 |      0 |    115 |   2 |  332.5 |
               +--------+--------+--------+--------+--------+-----+--------+

Top non-repeatable levels by time:
     D:1: 642 daAuts
     D:2: 23 daAuts
